 Dungeon Crawl Stone Soup version 0.16-a0-3338-g714714c (webtiles) character file.

787 celem the Archer (level 7, -2/55 HPs)
             Began as a Centaur Hunter on Dec 28, 2014.
             Was an Initiate of Ashenzari.
             Killed from afar by Ijyb (4 damage)
             ... with a wand of magic darts
             ... on level 4 of the Dungeon.
             The game lasted 00:22:23 (7259 turns).

celem the Archer (Centaur Hunter)                   Turns: 7259, Time: 00:22:23

Health: -2/55      AC:  4    Str: 15    XL:     7   Next: 56%
Magic:  5/5        EV:  9    Int: 10    God:    Ashenzari [......]
Gold:   242        SH:  0    Dex: 11    Spells: 0 memorised, 6 levels left

rFire  . . .     SeeInvis .     b - +1 shortbow (curse)
rCold  . . .     Clarity  .     d - +0 leather armour (curse)
rNeg   . . .     SustAb   .     (no shield)
rPois  .         Gourm    .     (no helmet)
rElec  .         Spirit   .     (no cloak)
rCorr  .         Warding  .     (no gloves)
rMut   .         Stasis   .     (no barding)
MR     .....                    (no amulet)
Stlth  +.........               (no ring)
                                (no ring)

@: lethally poisoned, very quick, not resistant to hostile enchantments, very
unstealthy
A: hooves 3, deformed body, speed 2, tough skin 3
a: Renounce Religion


You were on level 4 of the Dungeon.
You worshipped Ashenzari.
Ashenzari was noncommittal.
You were very hungry.

You visited 1 branch of the dungeon, and saw 4 of its levels.

You collected 242 gold pieces.

Inventory:

Hand weapons
 a - a +0 short sword
 b - a cursed +1 shortbow (weapon)
Missiles
 c - 4 arrows (quivered)
Armour
 d - a cursed +0 leather armour (worn)
 l - a +0 buckler
Scrolls
 e - 2 scrolls of remove curse
 g - 2 scrolls of teleportation {unknown}
 i - 3 scrolls of identify {unknown}
 k - a scroll of magic mapping {unknown}
 m - 2 scrolls of recharging {unknown}
 n - a scroll of blinking {unknown}
 o - 2 scrolls of immolation {unknown}
 p - a scroll of enchant weapon {unknown}
 s - a scroll of curse jewellery
Potions
 h - a potion of lignification {unknown}
 q - 2 potions of brilliance {unknown}
 t - a potion of berserk rage {unknown}
Comestibles
 f - 3 bread rations
 j - 3 beef jerkies


   Skills:
 - Level 2.0 Fighting
 + Level 11.9 Bows
 - Level 1.3 Dodging
 - Level 0.5 Stealth
 - Level 0.3 Shields


You had 6 spell levels left.
You didn't know any spells.

Dungeon Overview and Level Annotations

Branches:
Dungeon (4/15)
 Temple: D:4-7

Altars:
Ashenzari
Ru
Sif Muna
Yredelemnul
The Shining One

Annotations:
D:4 Ijyb


Innate Abilities, Weirdness & Mutations

You have hooves in place of feet.
Armour fits poorly on your strangely shaped body.
You cover ground very quickly.
You have extremely tough skin (AC +3).


Message History

You shoot an arrow. The arrow barely misses the iguana.
Firing (i - inventory):
c - 3 arrows (quivered)
Press: ? - help, Shift-Dir - straight line, f/p - iguana
Aim: an iguana (heavily wounded)
You shoot an arrow. The arrow barely misses the iguana.
Ijyb zaps a wand.
The magic dart hits you! The iguana bites you.
Ijyb hits you with an enchanted club.
You see here an arrow.
c - 3 arrows (gained 1)
The scorpion barely misses you. Ijyb hits you with an enchanted club.
The iguana bites you!
* * * LOW HITPOINT WARNING * * *
You see here an arrow.
c - 4 arrows (gained 1)
The scorpion stings you!
* * * LOW HITPOINT WARNING * * *
You are lethally poisoned!
The scorpion poisons you!
Ijyb zaps a wand.
The magic dart hits you!
You die...

......#...#........#'#
#......###'#...........
#......................
#......................
#...............##+#...
#...............'..###'
#......l........#'###..
#.....sg........#..##'#
#.....@##'##....+..#...
#....(.#...'...(#..'...
#......#...#....#+##..>
#......'...#...........
#......#...###'#.......
#......#.......'.......
#......#...##..#.......
#..(...#...##..##'##...
#.<....'...###+##..+...


You could see Ijyb, a scorpion and an iguana.

Vanquished Creatures
  Grinder (D:4)
  An ogre (D:3)
  Sigmund (D:4)
  The ghost of celem the Chiller, an average DEIE (D:3)
  3 hounds
  An iguana (D:4)
  A worker ant (D:4)
  8 adders
  A gnoll (D:2)
  4 worms
  5 giant geckos
  3 oozes
  8 orcs
  3 giant cockroaches (D:1)
  8 goblins
  11 hobgoblins
  8 jackals (D:1)
  16 kobolds
  7 bats
  A giant gecko skeleton (D:4)
  4 giant newts
  5 quokkas
  16 rats
117 creatures vanquished.

Notes
Turn   | Place    | Note
--------------------------------------------------------------
     0 | D:1      | celem, the Centaur Hunter, began the quest for the Orb.
     0 | D:1      | Reached XP level 1. HP: 17/17 MP: 1/1
   404 | D:1      | Reached XP level 2. HP: 12/24 MP: 2/2
   600 | D:1      | Reached skill level 6 in Bows
  1060 | D:1      | Reached XP level 3. HP: 29/29 MP: 3/3
  1356 | D:1      | You fall through a shaft!
  1420 | D:2      | Reached skill level 7 in Bows
  2021 | D:2      | Reached XP level 4. HP: 12/36 MP: 3/3
  2221 | D:2      | Found a basalt altar of Yredelemnul.
  2855 | D:2      | Reached skill level 8 in Bows
  3061 | D:3      | Noticed celem's ghost (average DEIE)
  3772 | D:3      | Found a deep blue altar of Sif Muna.
  3862 | D:3      | Killed celem's ghost
  3862 | D:3      | Reached skill level 9 in Bows
  3862 | D:3      | Reached XP level 5. HP: 26/41 MP: 4/4
  5102 | D:3      | Found a sacrificial altar of Ru.
  5104 | D:3      | Found a shattered altar of Ashenzari.
  5276 | D:3      | Found a glowing golden altar of the Shining One.
  5571 | D:4      | Reached XP level 6. HP: 39/48 MP: 5/5
  5579 | D:4      | Noticed Sigmund
  5781 | D:3      | Became a worshipper of Ashenzari the Shackled
  5808 | D:4      | Noticed an ogre
  5824 | D:4      | Killed Sigmund
  5850 | D:3      | HP: 1/48 [hound (3)]
  5852 | D:3      | Reached skill level 10 in Bows
  6163 | D:3      | Killed an ogre
  6222 | D:4      | Noticed Grinder
  6225 | D:4      | Paralysed by Grinder for 3 turns
  6244 | D:4      | Killed Grinder
  6244 | D:4      | Reached skill level 11 in Bows
  6244 | D:4      | Reached XP level 7. HP: 38/55 MP: 5/5
  6881 | D:4      | Noticed Ijyb
  7259 | D:4      | HP: 2/55 [scorpion (7)]
  7259 | D:4      | Killed from afar by Ijyb

Action                   |  1- 3 |  4- 6 |  7- 9 || total
-------------------------+-------+-------+-------++-------
Melee: Short sword       |   135 |   174 |       ||   309
       Shortbow          |       |       |     2 ||     2
 Fire: Shortbow          |    52 |    95 |    92 ||   239
  Use: Scroll            |       |     2 |       ||     2
  Eat: Chunk             |     2 |    13 |     1 ||    16
